 Dungeon Crawl Stone Soup version 0.26-a0-1126-g3318b609a0 (webtiles) character file.

Game seed: 9574608861004986908

1327 pkoi the Quickloader (level 8, 0/66 HPs)
             Began as a Minotaur Hunter on Dec 17, 2020.
             Was an Initiate of Okawaru.
             Slain by an unseen horror (2 damage)
             ... on level 6 of the Dungeon.
             The game lasted 00:09:00 (6030 turns).

pkoi the Quickloader (Minotaur Hunter)              Turns: 6030, Time: 00:09:00

Health: 0/66       AC: 10    Str: 17 (19) XL:     8   Next: 34%
Magic:  16/16      EV: 10    Int:  6 (8)  God:    Okawaru [......]
Gold:   341        SH:  0    Dex: 10 (11) Spells: 7/7 levels left

rFire    . . .     SeeInvis .   b - +1 dagger (venom)
rCold    + . .     Faith    .   (no shield)
rNeg     . . .     Spirit   .   l - +3 scale mail {rC+}
rPois    .         Reflect  .   (helmet restricted)
rElec    .         Harm     .   z - +0 cloak
rCorr    .         Rampage  .   (no gloves)
Will     .....                  (no boots)
Stlth    ..........             (no amulet)
HPRegen  0.21/turn              j - ring of magical power
MPRegen  0.15/turn              (no ring)

@: mighty, attractive, very slightly contaminated, invisible
A: retaliatory headbutt, horns 2
a: Renounce Religion


You were on level 6 of the Dungeon.
You worshipped Okawaru.
Okawaru was noncommittal.
You visited 2 branches of the dungeon, and saw 7 of its levels.
You also visited: Sewer.

You collected 341 gold pieces.

Inventory:

Hand Weapons
 a - a +1 hand crossbow
 b - a +1 dagger of venom (weapon)
 x - a +0 short sword
Missiles
 d - 23 bolts
Armour
 l - a +3 scale mail of cold resistance (worn)
 z - a +0 cloak (worn)
Jewellery
 g - a cursed ring of teleportation {unknown}
 j - a ring of magical power (left hand)
Wands
 y - a wand of polymorph (9)
Scrolls
 e - a scroll of amnesia {unknown}
 f - 3 scrolls of remove curse
 h - 3 scrolls of identify
 m - a scroll of fog
 o - 3 scrolls of teleportation
 p - a scroll of random uselessness {unknown}
Potions
 c - a potion of attraction
 i - 3 potions of curing


   Skills:
 + Level 3.9 Fighting
 + Level 11.1 Crossbows
 + Level 2.8 Armour
 - Level 2.1 Dodging
 - Level 0.7 Stealth


You had 7 spell levels left.
You didn't know any spells.
Your spell library contained the following spells:

 Spells                   Type           Power        Failure   Level
 Animate Skeleton         Necr           0%           86%         1
 Apportation              Tloc           0%           86%         1
 Corona                   Hex            0%           86%         1
 Summon Small Mammal      Summ           0%           86%         1


Dungeon Overview and Level Annotations

Branches:
Dungeon (6/15)             Temple (1/1) D:5           Sewer (visited)

Altars:
Ashenzari
Cheibriados
Dithmenos
Elyvilon
Fedhas
Gozag
Hepliaklqana
Kikubaaqudgha
Makhleb
Nemelex Xobeh
Okawaru
Qazlal
Ru
Sif Muna
Trog
Uskayaw
Vehumet
Wu Jian
Xom
Yredelemnul
The Shining One
Lugonu

Shops:
D:5 ?

Portals:
Abyss: D:1


Innate Abilities, Weirdness & Mutations

You reflexively headbutt those who attack you in melee.
You have a pair of horns on your head.


Message History

You are very lightly contaminated with residual magic.
You feel very mighty all of a sudden. Something hits you.
* * * LOW HITPOINT WARNING * * *
Something hits you but does no damage.
Your +1 dagger of venom begins to drip with poison!
b - a +1 dagger of venom (weapon)
You barely miss something. Something hits you but does no damage.
You closely miss something. Something hits you but does no damage.
You miss something. You headbutt something!
Something hits you but does no damage. x2; Something hits you.
* * * LOW HITPOINT WARNING * * *
Something hits you but does no damage.
There is an open door here.
Something hits you.
* * * LOW HITPOINT WARNING * * *
The jackal is pulled toward you!
You see here 15 stones.
Something hits you.
You die...

##.....## #..##.##..........
##...#######.........######..
##+####.........##..# #.#
#..###...####..# ####.#
#.##(##..####..###
##....###.#...#..........#
##.........##(##....#.####
............#(###'#...#
##......#####.##@.##..#
##....## +#h(...#..# ###..#
##(.).#..# #..# ###()##.##
#..# #.####..# #..##
##......## #...#####.#.#####
##.#.....#..#
#####.####....##


You could see a jackal.

Vanquished Creatures
  Grinder (D:4)
  Purgy (Sewer)
  A sky beast (D:5)
  A centaur (D:5)
  2 ogres
  A scorpion (D:6)
  2 hounds (D:4)
  A jelly (D:5)
  2 orc priests (D:5)
  Terence (D:2)
  Jessica (D:3)
  2 iguanas
  An orc wizard (D:3)
  5 worker ants
  A hound skeleton (D:5)
  6 adders
  4 gnolls (D:2)
  A shadow imp (D:6)
  3 oozes
  An adder zombie (D:5)
  An adder skeleton (D:4)
  6 worms
  2 dart slugs
  3 leopard geckos
  12 orcs
  4 ball pythons
  2 giant cockroaches
  4 goblins
  5 hobgoblins
  8 jackals
  2 quokkas
  5 bats
  11 frilled lizards
  7 kobolds
  10 rats
120 creatures vanquished.

Notes
Turn   | Place    | Note
-------+----------+-------------------------------------------
     0 | D:1      | pkoi the Minotaur Hunter began the quest for the Orb.
     0 | D:1      | Reached XP level 1. HP: 18/18 MP: 0/0
   348 | D:1      | Reached XP level 2. HP: 25/25 MP: 1/1
   349 | D:1      | Reached skill level 5 in Crossbows
   755 | D:1      | Found a corrupted altar of Lugonu.
   755 | D:1      | Found a one-way gate to the infinite horrors of the Abyss.
   931 | D:2      | Reached XP level 3. HP: 30/30 MP: 2/2
  1285 | D:2      | Reached skill level 6 in Crossbows
  1372 | D:2      | Reached XP level 4. HP: 35/37 MP: 3/3
  1519 | D:2      | Noticed Terence
  1542 | D:2      | Killed Terence
  1876 | D:3      | Reached skill level 7 in Crossbows
  1876 | D:3      | Reached XP level 5. HP: 33/42 MP: 4/4
  1954 | D:3      | Found a glowing drain.
  1959 | Sewer    | Entered a sewer
  2044 | Sewer    | Noticed Purgy
  2066 | Sewer    | Killed Purgy
  2067 | Sewer    | Reached skill level 8 in Crossbows
  2067 | Sewer    | Reached XP level 6. HP: 12/50 MP: 5/5
  2522 | D:3      | Noticed Jessica
  2874 | D:3      | Killed Jessica
  3129 | D:3      | Found a shimmering blue altar of Sif Muna.
  4128 | D:4      | Found a blossoming altar of Fedhas.
  4177 | D:4      | Reached skill level 9 in Crossbows
  4287 | D:4      | Noticed Grinder
  4314 | D:4      | Paralysed by Grinder for 7 turns
  4327 | D:4      | Killed Grinder
  4328 | D:4      | Reached XP level 7. HP: 24/56 MP: 6/6
  4604 | D:4      | Reached skill level 10 in Crossbows
  4678 | D:5      | Entered Level 5 of the Dungeon
  4715 | D:5      | Reached skill level 1 in Armour
  4920 | D:5      | Found a staircase to the Ecumenical Temple.
  4930 | D:5      | Found Haozil's Magic Scroll Boutique.
  5188 | D:5      | Reached XP level 8. HP: 63/63 MP: 7/7
  5281 | Temple   | Entered the Ecumenical Temple
  5445 | Temple   | Became a worshipper of Warmaster Okawaru
  5814 | D:6      | Reached skill level 11 in Crossbows
  6029 | D:6      | HP: 2/66 [something (4)]
  6030 | D:6      | Slain by an unseen horror

Illustrated notes

Levels and vault maps discovered:
D:1:      erik_arrival_cave_to_civilisation [erik_arrival_cave_to_temple],
          layout_basic, fountainhead
D:2:      wander_river, layout_rooms, uniq_terence
D:3:      layout_basic, nicolae_overflow_crystal_walls,
          lightli_sewer_entry_pipes, uniq_jessica
D:4:      layout_rooms, fedhas_altar_fruit_tree, uniq_grinder
D:5:      layout_rooms, minmay_temple_entry_sparse_star, serial_shops,
          nicolae_shop_statue_plus
D:6:      layout_loops_corners, zin_scriptorium, minmay_joined_circles
Temple:   regret_index_temple_chain_breaker

Skill      XL: |  1  2  3  4  5  6  7  8 |
---------------+-------------------------+-----
Crossbows      | 5 6 7 8 9 10 11 | 11.1
Armour         | 2 |  2.8
Fighting       | 3 |  3.9
Dodging        | |  2.1
Stealth        | |  0.7

Action                   |  1- 3 |  4- 6 |  7- 9 || total
-------------------------+-------+-------+-------++-------
Melee: Short sword       |    94 |   150 |     3 ||   247
       Headbutt          |    14 |    31 |     2 ||    47
       Dagger            |       |    17 |    14 ||    31
 Fire: Hand crossbow     |     6 |    45 |    92 ||   143
  Use: Scroll            |       |       |     8 ||     8
       Potion            |       |       |     9 ||     9
Armor: Chain mail        |    59 |    13 |       ||    72
       Leather armour    |     1 |       |       ||     1
       Scale mail        |       |   111 |    45 ||   156
Dodge: Dodged            |    40 |   104 |    12 ||   156

Table legend: (Time is in decaauts)
 A = Elapsed time spent in this place.
 B = Non-inter-level travel time spent in this place.
 C = Inter-level travel time spent in this place.
 D = Time resting spent in this place.
 E = Time spent auto-exploring this place.
 F = Levels seen in this place.
 G = Mean time per level.
                   A        B        C        D        E       F      G
               +--------+--------+--------+--------+--------+-----+--------+
         Total |   6159 |   5764 |    395 |   1291 |   3400 |   8 |  769.9 |
       Dungeon |   5500 |   5114 |    386 |   1065 |   3133 |   6 |  916.7 |
        Temple |    173 |    164 |      9 |      0 |    138 |   1 |  173.0 |
         Sewer |    485 |    485 |      0 |    226 |    129 |   1 |  485.0 |
               +--------+--------+--------+--------+--------+-----+--------+

Top non-repeatable levels by time:
     D:3: 1331 daAuts
     D:1: 1329 daAuts
     D:5: 907 daAuts
     D:4: 866 daAuts
     D:2: 816 daAuts
   Sewer: 485 daAuts
     D:6: 248 daAuts
  Temple: 173 daAuts
